 Dungeon Crawl Stone Soup version 0.32-a0-128-g77eb882913 (webtiles) character file.

Game seed: 17689278651160488563

1827 MacCMillion the Cleaver (level 8, -6/71 HPs)
             Began as a Minotaur Fighter on Jan 19, 2024.
             Was a Believer of Makhleb.
             Mangled by a hornet (14 damage)
             ... on level 6 of the Dungeon on Feb 8, 2024.
             The game lasted 00:10:45 (6938 turns).

MacCMillion the Cleaver (Minotaur Fighter)          Turns: 6938, Time: 00:10:46

Health: -6/71      AC:  9    Str: 23    XL:     8   Next: 86%
Magic:  8/8        EV: 14    Int:  5    God:    Makhleb [**....]
Gold:   264        SH:  4    Dex: 10    Spells: 7/7 levels left

rFire   . . .        a - +0 war axe
rCold   + . .        c - +0 buckler
rNeg    . . .        b - +0 scale mail
rPois   .            (helmet restricted)
rElec   .            (no cloak)
rCorr   .            (no gloves)
SInv    .            r - +0 pair of boots
Will    .....        (no amulet) Stlth
                     g - ring of protection from cold
HPRegen 0.31/turn    q - +5 ring of evasion
MPRegen 0.11/turn

%: no passive effects
@: lethally poisoned (-6 -> -11), slowed, invisible, very slow
A: horns 2, retaliatory headbutt
a: Renounce Religion, Minor Destruction


You were on level 6 of the Dungeon.
You worshipped Makhleb.
Makhleb was pleased with you.
You visited 1 branch of the dungeon, and saw 7 of its levels.

You collected 264 gold pieces.

Inventory:

Hand Weapons
 a - a +0 war axe (weapon)
 o - a +0 broad axe
Missiles
 f - 9 poisoned darts
Armour
 b - a +0 scale mail (worn)
 c - a +0 buckler (worn)
 r - a +0 pair of boots (worn)
Jewellery
 g - a ring of protection from cold (left hand)
 q - a +5 ring of evasion (right hand)
 u - an amulet of faith
Wands
 p - a wand of flame (18)
Scrolls
 e - 2 scrolls of teleportation
 j - 4 scrolls of poison {unknown}
 l - a scroll of blinking {unknown}
 n - 2 scrolls of amnesia {unknown}
 s - 2 scrolls of identify {unknown}
 x - a scroll of enchant weapon {unknown}
Potions
 d - a potion of might
 h - a potion of enlightenment {unknown}
 i - a potion of heal wounds {unknown}
 k - 2 potions of curing
 m - a potion of invisibility
 t - 2 potions of mutation {unknown}
 v - a potion of attraction {unknown}
 z - a potion of cancellation {unknown}


   Skills:
 + Level 6.4 Fighting
 + Level 11.2 Axes
 + Level 6.3 Armour
 - Level 4.0 Shields
 + Level 2.4 Invocations


You had 7 spell levels left.
You didn't know any spells.
Your spell library contained the following spells:

 Spells                   Type           Power      Damage    Failure   Level
 Summon Small Mammal      Summ           0%         N/A       83%         1
 Call Canine Familiar     Summ           0%         N/A       99%         3
 Summon Blazeheart Golem  Fire/Summ      0%         N/A       100%        4
 Alistair's Intoxication  Alch           0%         N/A       100%        5
 Borgnjor's Vile Clutch   Necr/Erth      0%         N/A       100%        5
 Eringya's Noxious Bog    Alch           0%         4d6       100%        6


Dungeon Overview and Level Annotations

Branches:
Dungeon (7/15)             Temple (0/1) D:4

Altars:
Makhleb
The Shining One

Shops:
D:1 *

Annotations:
D:6 Maurice
D:7 Dowan, Duvessa, Jeremiah


Innate Abilities, Weirdness & Mutations

You have a pair of horns on your head.
You reflexively headbutt those who attack you in melee.


Message History

The hornet is heavily wounded.
The hornet stings you!
You are poisoned.
You feel as though you will be slow longer.
The hornet stings you but does no damage.
The hornet misses you.
You closely miss the hornet.
You headbutt the hornet, but do no damage.
The hornet is heavily wounded.
You feel very sick. You block the hornet's attack. x2
You closely miss the hornet.
The hornet is heavily wounded.
You feel sick. The hornet stings you!
You are more poisoned.
You suddenly lose the ability to move!
The hornet stings you.
You feel as though you will be slow longer.
You feel very sick. The hornet stings you!
* * * LOW HITPOINT WARNING * * *
You feel as though you will be slow longer.
You feel sick.
The hornet stings you but does no damage.
The hornet stings you.
* * * LOW HITPOINT WARNING * * *
You are more poisoned.
You shrug off the repeated paralysis!
You can move again.
It was a potion of curing.
You feel better.
The hornet stings you but does no damage.
The hornet stings you.
* * * LOW HITPOINT WARNING * * *
You are poisoned.
You feel as though you will be slow longer.
It was a potion of invisibility.
You fade into invisibility!
* * * LOW HITPOINT WARNING * * *
You feel very sick. The hornet stings you!
You die...

.)....##.# #.# #.#..###.#
###.########### #........#
#.......).....#
############.#.#########.#
...........#...........#.#
##########.####.######.#.#
......# #....#......##.#.#
.####.###..#.#.y###.##.#.#
................@##....#.#
#####.###........#####.#.#
#.# ##.###.........#)# ##
#.# #.# #.#.#####.#.#
###### .# #.# #.#
#.#.#####.#.# #.....
.####.####.# #.#.#.....#.#
#.#### .........#.#
#.#.#.###.#.###.#.#.
#####.##.#.# #.#.#.#
###......... ### #.##.#.#
#.#.#.# #####.###.


You could see a hornet (unable to see you).

Vanquished Creatures
  2 ice beasts
  A black bear (D:6)
  2 sky beasts (D:6)
  2 ogres (D:6)
  A phantom (D:5)
  A kobold brigand (D:6)
  4 scorpions
  A bullfrog (D:6)
  3 wights (D:6)
  A howler monkey (D:6)
  2 jellies
  A bombardier beetle (D:5)
  2 hounds
  A gnoll bouda (D:6)
  3 orc priests (D:5)
  2 sleepcaps
  9 adders
  9 gnolls
  2 shadow imps (D:6)
  2 ufetubi (D:6)
  13 orcs
  11 ball pythons
  2 bats (D:3)
  4 endoplasms
  A giant cockroach (D:1)
  7 goblins
  7 hobgoblins
  2 jackals (D:5)
  2 quokkas
  2 frilled lizards (D:1)
  8 kobolds
  6 rats
116 creatures vanquished.

Notes
Turn   | Place    | Note
-------+----------+-------------------------------------------
     0 | D:1      | MacCMillion the Minotaur Fighter began the quest for the
                  | Orb.
     0 | D:1      | Reached XP level 1. HP: 19/19 MP: 0/0
   153 | D:1      | Reached skill level 3 in Axes
   153 | D:1      | Reached XP level 2. HP: 26/26 MP: 1/1
   303 | D:1      | Found Tixtaxao's General Store.
  1095 | D:1      | Found Tixtaxao's General Store.
  1331 | D:2      | Found a burning altar of Makhleb.
  1374 | D:2      | Became a worshipper of Makhleb the Destroyer
  1512 | D:2      | Found a faded altar of an unknown god.
  1524 | D:2      | Reached skill level 4 in Axes
  1524 | D:2      | Reached XP level 3. HP: 20/31 MP: 2/2
  1811 | D:2      | Reached skill level 5 in Axes
  1811 | D:2      | Reached XP level 4. HP: 39/39 MP: 3/3
  2026 | D:2      | You fall into a shaft and drop 2 floors!
  2160 | D:3      | Found a glowing golden altar of the Shining One.
  2240 | D:3      | Upgraded the game from 0.32-a0-30-gefbe487952 to
                  | 0.32-a0-128-g77eb882913
  2825 | D:4      | Noticed a scorpion
  2825 | D:4      | Noticed an ice beast
  2833 | D:3      | Killed an ice beast
  2834 | D:3      | Reached skill level 6 in Axes
  2834 | D:3      | Reached XP level 5. HP: 45/45 MP: 4/4
  2902 | D:4      | Reached skill level 7 in Axes
  2904 | D:3      | Reached * piety under Makhleb
  2905 | D:3      | Reached XP level 6. HP: 45/51 MP: 5/5
  3164 | D:4      | Found a staircase to the Ecumenical Temple.
  3393 | D:5      | Entered Level 5 of the Dungeon
  3434 | D:5      | Reached skill level 8 in Axes
  3711 | D:5      | Noticed an ice beast
  3937 | D:5      | Killed an ice beast
  3938 | D:5      | Reached skill level 9 in Axes
  3938 | D:5      | Reached XP level 7. HP: 57/57 MP: 6/6
  4220 | D:5      | Reached skill level 10 in Axes
  4829 | D:6      | Reached ** piety under Makhleb
  4999 | D:6      | Reached XP level 8. HP: 67/67 MP: 7/7
  5205 | D:6      | Reached skill level 5 in Fighting
  5205 | D:6      | Reached skill level 5 in Armour
  5663 | D:6      | Reached skill level 1 in Invocations
  5760 | D:6      | Reached skill level 11 in Axes
  6087 | D:7      | Noticed Maurice
  6410 | D:6      | Something stole a ring of see invisible
  6412 | D:6      | Something stole 14 poisoned darts
  6715 | D:7      | Noticed Duvessa
  6719 | D:7      | Noticed Dowan
  6719 | D:7      | Noticed Jeremiah
  6723 | D:7      | Noticed a hornet
  6934 | D:6      | Paralysed by a hornet for 3 turns
  6938 | D:6      | Mangled by a hornet

Illustrated notes

Levels and vault maps discovered:
D:1:      roderic_crossed_star, layout_loops_ring, serial_shops, shop
D:2:      layout_loops_corners, basic_altar, ebering_ecumenical_altar_mist,
          nicolae_grassy_gnolls
D:3:      layout_loops_cross, mainiacjoe_overflow_paths
D:4:      layout_cave_pools, minmay_temple_entry_ruins, minmay_strange_pillars
D:5:      layout_gridville, serial_rivers, chequers_serial_rivers_large_a,
          chequers_serial_rivers_large_b, chequers_serial_rivers_marsh,
          chequers_serial_rivers_small_b, chequers_serial_rivers_small_3,
          chequers_serial_rivers_small_a, item_on_display_a
D:6:      layout_basic
D:7:      layout_rooms, mainiacjoe_overflow_two_lobes, uniq_duvessa,
          uniq_jeremiah, uniq_maurice

Skill      XL: |  1  2  3  4  5  6  7  8 |
---------------+-------------------------+-----
Shields        | 4 |  4.0
Axes           | 3 4 5 6 7 9 10 11 | 11.2
Fighting       | 4 6 |  6.4
Armour         | 4 6 |  6.3
Invocations    | 2 |  2.4

Action                     |  1- 3 |  4- 6 |  7- 9 || total
---------------------------+-------+-------+-------++-------
  Melee: War axe           |    77 |    95 |   133 ||   305
         Headbutt          |     7 |    12 |    28 ||    47
  Throw: Dart              |       |       |     4 ||     4
 Invoke: Minor Destruction |       |       |    44 ||    44
    Use: Scroll            |       |     1 |       ||     1
         Potion            |       |       |     2 ||     2
 Armour: Scale mail        |    51 |    42 |    90 ||   183
  Dodge: Dodged            |    27 |    59 |    73 ||   159
  Block: Buckler           |    10 |    19 |    27 ||    56

Table legend: (Time is in decaauts)
 A = Elapsed time spent in this place.
 B = Non-inter-level travel time spent in this place.
 C = Inter-level travel time spent in this place.
 D = Time resting spent in this place.
 E = Time spent auto-exploring this place.
 F = Levels seen in this place.
 G = Mean time per level.
                   A        B        C        D        E       F      G
               +--------+--------+--------+--------+--------+-----+--------+
         Total |   7035 |   6725 |    310 |   1476 |   4001 |   7 | 1005.0 |
       Dungeon |   7035 |   6725 |    310 |   1476 |   4001 |   7 | 1005.0 |
               +--------+--------+--------+--------+--------+-----+--------+

Top non-repeatable levels by time:
     D:5: 2134 daAuts
     D:6: 1432 daAuts
     D:1: 1349 daAuts
     D:3: 909 daAuts
     D:2: 705 daAuts
     D:4: 468 daAuts
     D:7: 36 daAuts
